 Dungeon Crawl Stone Soup version 0.29.1-12-g30fa7ad0bf (webtiles) character file.

Game seed: 3474400629993108067

71351 raph the Convoker (level 15, 0/88 HPs)
             Began as a Tengu Summoner on Jan 11, 2023.
             Was an Initiate of Gozag.
             Killed by divine providence
             ... invoked by a meliai
              (13 damage)
             ... on level 14 of the Dungeon.
             The game lasted 01:15:56 (29254 turns).

raph the Convoker (Tengu Summoner)                 Turns: 29254, Time: 01:15:57

Health: 0/88       AC:  9    Str: 10      XL:     15   Next: 36%
Magic:  39/39      EV: 17    Int: 20 (21) God:    Gozag
Gold:   1929       SH:  5    Dex: 10      Spells: 3/35 levels left

rFire   + + +      SeeInvis +   S - +3 scimitar (vorpal)
rCold   + + .      Faith    +   c - +0 buckler
rNeg    . . .      Spirit   .   I - +1 robe "Sinurrys" {rPois SInv Stlth+}
rPois   +          Reflect  .   W - +0 hat
rElec   +          Harm     .   v - +2 cloak {Stlth+}
rCorr   +          Rampage  .   h - +1 pair of gloves "Tiokk" {rF+ rC+ Dex-5}
Will    +....                   (boots unavailable)
Stlth   ++++......              K - amulet of Ynaunics {Faith rF+ Regen+}
HPRegen 1.04/turn               i - ring of magical power
MPRegen 0.26/turn               u - ring of wizardry

@: mighty, swift, resistant, flying quickly and evasively, hasted, very quick
A: beak, talons 3, nimble flight
a: Renounce Religion, Potion Petition, Call Merchant, Bribe Branch


You were on level 14 of the Dungeon.
You worshipped Gozag.
Gozag was most pleased with you.
You visited 4 branches of the dungeon, and saw 22 of its levels.

You collected 5915 gold pieces.
You spent 1601 gold pieces at shops.
You paid 2385 gold pieces to Gozag.

Inventory:

Hand Weapons
 a - a +3 long sword of flaming
 x - a +4 long sword
 S - a +3 vorpal scimitar (weapon)
Missiles
 d - 18 poisoned darts
 H - a throwing net
 R - 2 curare-tipped darts
Armour
 c - a +0 buckler (worn)
 h - the +1 pair of gloves "Tiokk" (worn) {rF+ rC+ Dex-5}
   (You acquired it on level 3 of the Dungeon)

   Dex:       It affects your dexterity (-5).
   rF:        It protects you from fire.
   rC:        It protects you from cold.
 j - the +3 leather armour of Philately {rElec Int+2 Dex+2}
   (You found it on level 3 of the Dungeon)

   Int:       It affects your intelligence (+2).
   Dex:       It affects your dexterity (+2).
   rElec:     It insulates you from electricity.
 v - a +2 cloak of stealth (worn)
 A - a +1 cloak
 I - the +1 robe "Sinurrys" (worn) {rPois SInv Stlth+}
   (You bought it in a shop on level 10 of the Dungeon)

   rPois:     It protects you from poison.
   SInv:      It lets you see invisible.
   Stlth:     It makes you more stealthy.
 W - a +0 hat (worn)
Jewellery
 i - a ring of magical power (left hand)
 k - a ring of poison resistance
 u - a ring of wizardry (right hand)
 w - a ring of protection from fire
 B - a ring of resist corrosion
 C - an amulet of regeneration
 K - the amulet of Ynaunics (around neck) {Faith rF+ Regen+}
   (You took it off a meliai on level 13 of the Dungeon)

   [amulet of faith]

   It allows you to gain divine favour quickly.
   rF:        It protects you from fire.
   Regen:     It increases your rate of health regeneration.
 N - a ring of protection from cold
 Q - a ring of protection from fire
Wands
 o - a wand of digging (2)
 y - a wand of flame (36)
 D - a wand of roots (5)
 M - a wand of paralysis (20)
 O - a wand of mindburst (6)
Scrolls
 r - 7 scrolls of teleportation
 t - 2 scrolls of silence
 z - 2 scrolls of immolation
 E - 4 scrolls of poison
 F - 4 scrolls of magic mapping
 Z - a scroll of amnesia
Potions
 b - a potion of magic
 e - 8 potions of lignification
 f - 2 potions of resistance
 g - a potion of ambrosia
 m - 7 potions of curing
 n - 11 potions of brilliance
 p - 4 potions of might
 q - 4 potions of haste
 s - a potion of cancellation
 J - 5 potions of mutation
 L - 3 potions of berserk rage
 V - a potion of invisibility
Miscellaneous
 P - a phantom mirror (inert)
 T - a box of beasts


   Skills:
 - Level 8.3 Fighting
 - Level 7.0 Long Blades
 - Level 9.0 Armour
 - Level 9.4 Dodging
 - Level 2.0 Stealth
 - Level 5.0 Shields
 + Level 10.8 Spellcasting
 * Level 19.4 Summonings
 - Level 0.8 Translocations
 - Level 9.8 Air Magic
 - Level 3.8 Evocations


You had 3 spell levels left.
You knew the following spells:

 Your Spells              Type           Power      Damage    Failure   Level
a - Summon Small Mammal   Summ           100%       N/A       0%          1
b - Call Imp              Summ           73%        N/A       0%          2
c - Call Canine Familiar  Summ           73%        N/A       0%          3
d - Summon Guardian Gole  Hex/Summ       49%        N/A       1%          3
e - Summon Lightning Spi  Summ/Air       62%        N/A       1%          4
f - Swiftness             Air            50%        N/A       1%          3
g - Vampiric Draining     Necr           10%        2d6       10%         3
h - Blink                 Tloc           28%        N/A       3%          2
i - Teleport Other        Tloc           14%        N/A       7%          3
j - Summon Horrible Thin  Summ           36%        N/A       8%          8

Your spell library contained the following spells:

 Spells                   Type           Power      Damage    Failure   Level
 Foxfire                  Conj/Fire      40%        2x1d6     3%          1
 Necrotise                Necr           40%        1d6       3%          1
 Sting                    Tmut/Pois      40%        1d5       3%          1
 Ensorcelled Hibernation  Hex/Ice        20%        N/A       4%          2
 Passwall                 Tmut/Erth      8%         N/A       4%          2
 Gell's Gravitas          Tloc           14%        N/A       7%          3
 Lesser Beckoning         Tloc           14%        N/A       7%          3
 Conjure Flame            Conj/Fire      10%        6-21      10%         3
 Ignite Poison            Fire/Tmut/Pois 10%        N/A       10%         3
 Inner Flame              Hex/Fire       10%        N/A       10%         3
 Freezing Cloud           Conj/Ice/Air   11%        6-21      24%         5
 Iskenderun's Mystic Bla  Conj/Tloc      12%        2d5       26%         4
 Cause Fear               Hex            5%         N/A       32%         4
 Flame Wave               Conj/Fire      10%        2d6       32%         4
 Fulminant Prism          Conj/Hex       5%         3d7       32%         4
 Malign Gateway           Summ/Tloc      25%        N/A       38%         7
 Manifold Assault         Tloc           14%        N/A       52%         5
 Agony                    Necr           10%        N/A       63%         5
 Lee's Rapid Deconstruct  Erth           5%         3d7*      63%         5
 Discord                  Hex            5%         N/A       100%        8
 Polar Vortex             Ice            5%         N/A       100%        9
 Simulacrum               Ice/Necr       Unusable   N/A       N/A         6

Dungeon Overview and Level Annotations

Branches:
Dungeon (14/15)            Temple (1/1) D:4            Lair (5/5) D:11
 Shoals (0/4) Lair:2        Snake (0/4) Lair:2        Slime (0/5) Lair:4
    Orc (2/2) D:11            Elf (0/3) Orc:2
 Vaults: D:13-14

Altars:
Ashenzari
Cheibriados
Dithmenos
Elyvilon
Fedhas
Gozag
Hepliaklqana
Kikubaaqudgha
Makhleb
Nemelex Xobeh
Okawaru
Qazlal
Ru
Sif Muna
Trog
Uskayaw
Vehumet
Wu Jian
Xom
Yredelemnul
Zin
The Shining One
Jiyva

Shops:
D:1 [   D:9 (   D:10 *   D:12 [   Orc:2 =([!   Lair:5 =

Annotations:
D:4 2 transporters, gargbit's ghost, amateur OpFi
Lair:5 exclusion: oklob plant


Innate Abilities, Weirdness & Mutations

You have a beak for a mouth.
You have claws for feet.
Your magical nature lets you fly swiftly and evasively.


Message History

[b] - 252 gold - brilliance and magic [c] - 384 gold - curing, magic and heal wounds Purchase which effect?
You feel better. Magic courses through your body.
You feel much better. The meliai misses you. You block the meliai's attack.
The meliai closely misses you. You block the meliai's attack.
The meliai mumbles some strange prayers to its god against you.
Something smites you!
* * * LOW HITPOINT WARNING * * *
The meliai attacks as you move away! The meliai hits you with a +0 hand axe!
* * * LOW HITPOINT WARNING * * *
You block the meliai's attack. The meliai attacks as you move away!
The meliai hits you with a +0 war axe!
* * * LOW HITPOINT WARNING * * *
The meliai closely misses you.
Okay, then.
Okay, then. [a] - 270 gold - heal wounds and berserk rage [b] - 621 gold - haste, lignification, might and resistance [c] - 390 gold - haste and heal wounds Purchase which effect?
You feel yourself speed up.
You feel much better. The meliai hits you with a +0 hand axe.
* * * LOW HITPOINT WARNING * * *
The meliai barely misses you.
The meliai invokes the aid of its god against you.
Something smites you!
* * * LOW HITPOINT WARNING * * *
Aiming: Phantom Mirror
Press: ? - help, Dir - move target, f - meliai
Aim: a meliai, wielding a +0 hand axe and wearing a +0 leather armour You reflect the meliai with the mirror!
The mirror clouds!
The meliai calls upon its god to heal something.
You swap places.
Something hits your meliai! Something stings your meliai.
You see here 5 stones.
The meliai buzzes angrily.
The meliai invokes the aid of its god against you.
Something smites you!
You die...
Your body crumbles into a pile of gold.

#..##..#.##### #
...###..##...###.. .
#..........#.#.#
#.##
#.####.##..y#..##...
#.....y(.>#.#.# .#
#............##.u..
##.###.###.........
#.# #.# #..###..
##.###@# #.<#
#.####...##.# #..# $
#.........<.# #..#
######...##.......
##.#######.##
#.........
##########


You could see 2 meliai.

Vanquished Creatures
  A boulder beetle (D:14)
  An orc sorcerer (Orc:2)
  A manticore (D:11)
  A rime drake (Lair:2)
  A shadow (D:12)
  A yak (Lair:5)
  A wraith (D:12)
  2 vampire mosquitoes (D:13)
  3 water moccasins
  An ogre (Orc:1)
  A wolf (Lair:3)
  4 centaurs
  A phantom (D:5)
  3 bullfrogs
  2 howler monkeys
  A hound (D:6)
  2 orc priests
  A jelly (D:4)
  A hell rat (Lair:5)
  3 orc wizards (Orc:2)
  3 adders
  5 orcs
  6 endoplasms
  A giant cockroach (D:2)
  4 goblins
  3 hobgoblins
  3 quokkas
  A frilled lizard (D:2)
  4 kobolds
  2 rats
64 creatures vanquished.

Vanquished Creatures (collateral kills)
  Rupert (D:12)
  A tengu reaver (D:13)
  A dire elephant (Lair:5)
  A fire dragon (D:11)
  Erolcha (Orc:2)
  7 hydras
  An ogre mage (D:11)
  3 two-headed ogres
  A death yak (Lair:5)
  An orc high priest (Orc:1)
  A deep troll earth mage (D:11)
  Nergalle (Orc:1)
  A fire crab (Lair:4)
  A steelbarb worm (shapeshifter) (D:13)
  A phantasmal warrior (D:13)
  A cyclops (D:13)
  7 orc sorcerers (Orc:2)
  6 ugly things
  7 elephants
  3 manticores
  3 black mambas
  2 unseen horrors
  A yaktaur (D:13)
  8 cane toads
  3 rime drakes
  4 komodo dragons
  4 meliai
  4 trolls
  2 hornets
  4 blink frogs
  3 slime creatures
  4 wraiths
  Sigmund (D:6)
  2 basilisks
  22 yaks
  5 wyverns
  6 humans (D:8)
  A steam dragon (D:8)
  3 vampire mosquitoes
  An acid dragon (D:11)
  15 water moccasins
  3 black bears
  4 sky beasts
  9 orc warriors
  8 wolves
  4 centaurs
  8 ogres
  2 phantoms
  2 kobold brigands (D:9)
  12 bullfrogs
  2 necrophages
  2 scorpions
  2 killer bees (D:8)
  A nameless horror (D:5)
  6 howler monkeys
  A hound (D:4)
  5 jellies
  4 orc priests
  6 iguanas
  28 orc wizards
  A hell rat (Lair:5)
  7 gnolls
  7 adders
  3 white imps (D:6)
  An ufetubus (D:7)
  2 worms (D:6)
  A dart slug (D:1)
  38 orcs
  8 endoplasms
  A giant cockroach (D:4)
  9 goblins
  3 hobgoblins
  2 quokkas
  3 ball pythons
  4 bats
  2 frilled lizards (D:2)
  13 kobolds
  6 rats
365 creatures vanquished.

Vanquished Creatures (others)
  A tengu reaver (D:13)
  Snorg (D:12)
  Harold (D:9)
  2 boulder beetles
  A catoblepas (Lair:5)
  A hydra (D:13)
  A centaur warrior (D:13)
  An ogre mage (Orc:2)
  A deep troll shaman (Lair:5)
  3 death yaks (Lair:5)
  2 two-headed ogres
  Sonja (Lair:2)
  2 deep elf pyromancers
  An orc knight (Orc:1)
  An orc sorcerer (Orc:2)
  2 cyclopes
  A manticore (D:13)
  A black mamba (Lair:3)
  2 ugly things
  2 elephants
  2 cane toads
  A rime drake (Lair:5)
  6 komodo dragons
  A troll (Orc:2)
  2 blink frogs (Lair:2)
  7 yaks
  A wyvern (D:11)
  A steam dragon (D:7)
  A basilisk (Lair:2)
  3 vampire mosquitoes
  A warg (Orc:1)
  3 water moccasins
  An orc warrior (Orc:1)
  A black bear (D:11)
  6 wolves
  A centaur (D:12)
  A bullfrog (Lair:1)
  2 killer bees (D:8)
  An orc priest (Orc:1)
  7 orc wizards
  3 hell rats (Lair:5)
  3 orcs
  29 fungi
  58 plants
  8 toadstools (D:4)
178 creatures vanquished.

Grand Total: 607 creatures vanquished

Notes
Turn   | Place    | Note
-------+----------+-------------------------------------------
     0 | D:1      | raph the Tengu Summoner began the quest for the Orb.
     0 | D:1      | Reached XP level 1. HP: 10/10 MP: 4/4
   102 | D:1      | Found Oguwoil's Antique Armour Shop.
   143 | D:1      | Reached skill level 5 in Summonings
   293 | D:1      | Reached XP level 2. HP: 13/15 MP: 6/6
   681 | D:1      | Found a faded altar of an unknown god.
   720 | D:1      | Learned a level 2 spell: Call Imp
  1297 | D:2      | Reached XP level 3. HP: 9/19 MP: 7/7
  1717 | D:2      | Learned a level 3 spell: Call Canine Familiar
  1779 | D:2      | Reached skill level 6 in Summonings
  1809 | D:2      | Reached XP level 4. HP: 21/24 MP: 9/9
  2343 | D:3      | Identified a scroll of acquirement
  2343 | D:3      | Acquired the +1 pair of gloves "Tiokk" {rF+ rC+ Dex-5}
  2536 | D:3      | Found a radiant altar of Vehumet.
  2569 | D:3      | Identified the +3 leather armour of Philately {rElec Int+2
                  | Dex+2}
  2572 | D:3      | Found a hazy altar of Hepliaklqana.
  3441 | D:4      | Noticed a necrophage
  3455 | D:4      | Killed a necrophage
  3456 | D:4      | Gained mutation: Your magical nature lets you fly swiftly
                  | and evasively. [Tengu growth]
  3456 | D:4      | Reached XP level 5. HP: 28/28 MP: 10/10
  3460 | D:4      | Learned a level 3 spell: Summon Guardian Golem
  3585 | D:4      | Reached skill level 7 in Summonings
  3650 | D:4      | Found a white marble altar of Elyvilon.
  3799 | D:4      | Reached XP level 6. HP: 32/32 MP: 12/12
  4004 | D:4      | Found a transporter.
  4005 | D:4      | Noticed gargbit's ghost (amateur OpFi)
  4246 | D:4      | Reached skill level 8 in Summonings
  4682 | D:4      | Found a staircase to the Ecumenical Temple.
  4692 | Temple   | Entered the Ecumenical Temple
  4775 | Temple   | Became a worshipper of Gozag Ym Sagoz the Greedy
  4802 | D:4      | Found a transporter.
  4877 | D:5      | Entered Level 5 of the Dungeon
  5010 | D:5      | Learned a level 4 spell: Summon Lightning Spire
  5021 | D:5      | Reached skill level 1 in Air Magic
  5021 | D:5      | Reached XP level 7. HP: 33/36 MP: 14/14
  5265 | D:5      | Found a sparkling altar of Nemelex Xobeh.
  5314 | D:5      | Reached skill level 9 in Summonings
  6097 | D:6      | Noticed Sigmund
  6113 | D:6      | Killed Sigmund
  6114 | D:6      | Reached XP level 8. HP: 41/41 MP: 16/16
  6405 | D:7      | Noticed a wyvern
  6419 | D:7      | Killed a wyvern
  6420 | D:7      | Reached skill level 5 in Spellcasting
  6420 | D:7      | Reached skill level 10 in Summonings
  6570 | D:7      | Reached skill level 5 in Air Magic
  6814 | D:7      | Found a stormy altar of Qazlal.
  6814 | D:7      | Found an iron altar of Okawaru.
  7074 | D:7      | Reached skill level 11 in Summonings
  7200 | D:7      | Reached XP level 9. HP: 45/45 MP: 18/18
  7239 | D:7      | Learned a level 3 spell: Swiftness
  8205 | D:6      | Reached skill level 1 in Armour
  8264 | D:6      | Reached skill level 1 in Fighting
  8582 | D:8      | Found a shadowy altar of Dithmenos.
  8590 | D:8      | Reached skill level 12 in Summonings
  9093 | D:8      | Reached XP level 10. HP: 54/54 MP: 20/20
 10207 | D:9      | Found Qewupp's Weapon Shoppe.
 10621 | D:9      | Noticed Harold
 10637 | D:9      | Killed Harold
 10695 | D:9      | Found the +18 Lear's hauberk
 10936 | D:10     | Entered Level 10 of the Dungeon
 10942 | D:10     | Reached skill level 13 in Summonings
 10995 | D:10     | Found Basy's Assorted Antiques.
 11003 | D:10     | Bought a creamy pearl robe for 188 gold pieces
 11003 | D:10     | Identified the +1 robe "Sinurrys" {rPois SInv Stlth+} (You
                  | bought it in a shop on level 10 of the Dungeon)
 11003 | D:10     | Bought a fuming green potion for 29 gold pieces
 11003 | D:10     | Bought a scroll labelled LIMYCSE EJAOTE for 33 gold pieces
 11003 | D:10     | Bought a scroll labelled LIMYCSE EJAOTE for 33 gold pieces
 11003 | D:10     | Bought a scroll of identify for 66 gold pieces
 11003 | D:10     | Bought a sapphire potion for 29 gold pieces
 11003 | D:10     | Bought a potion of curing for 99 gold pieces
 11003 | D:10     | Bought a scroll of teleportation for 99 gold pieces
 11363 | D:10     | Killed an unseen horror
 11364 | D:10     | Reached skill level 5 in Dodging
 11597 | D:10     | Noticed a two-headed ogre
 11603 | D:10     | Noticed a two-headed ogre
 11603 | D:10     | Killed a two-headed ogre
 11604 | D:10     | Reached XP level 11. HP: 61/61 MP: 21/22
 11675 | D:10     | Killed a two-headed ogre
 11979 | D:10     | Found a shimmering blue altar of Sif Muna.
 12302 | D:11     | Found a staircase to the Lair.
 12303 | D:11     | Noticed a six-headed hydra
 12429 | D:11     | Noticed a manticore
 12449 | D:11     | Killed a manticore
 12450 | D:11     | Reached skill level 5 in Armour
 12472 | D:11     | Noticed a two-headed ogre
 12482 | D:11     | Noticed a boulder beetle
 12496 | D:11     | Killed a six-headed hydra
 12500 | D:11     | Killed a two-headed ogre
 12522 | D:11     | Reached skill level 14 in Summonings
 12531 | D:11     | Killed a boulder beetle
 12532 | D:11     | Reached skill level 5 in Fighting
 12653 | D:11     | Noticed a manticore
 12662 | D:11     | Killed a manticore
 12997 | D:11     | Noticed an ogre mage
 12997 | D:11     | Noticed a fire dragon
 13021 | D:11     | Killed an ogre mage
 13027 | D:11     | Noticed a deep troll earth mage
 13034 | D:11     | Killed a deep troll earth mage
 13102 | D:11     | Reached XP level 12. HP: 67/68 MP: 24/24
 13160 | D:11     | Identified the +0 scale mail of a treasure trove {rC+}
 13221 | D:11     | Killed a fire dragon
 13362 | D:11     | Found a staircase to the Orcish Mines.
 13376 | D:11     | Noticed a two-headed ogre
 13393 | D:11     | Killed a two-headed ogre
 13650 | Lair:1   | Entered Level 1 of the Lair of Beasts
 13884 | Lair:1   | Reached skill level 15 in Summonings
 14379 | Lair:1   | Identified the +0 robe "Merrom" {Str+4}
 14863 | Lair:2   | Noticed a six-headed hydra
 14875 | Lair:2   | Killed a six-headed hydra
 15033 | Lair:2   | Found a staircase to the Snake Pit.
 15184 | Lair:2   | Noticed Sonja
 15202 | Lair:2   | Killed Sonja
 15383 | Lair:2   | Found a staircase to the Shoals.
 15798 | Lair:2   | Reached skill level 1 in Long Blades
 16245 | Lair:2   | Noticed an eight-headed hydra
 16258 | Lair:2   | Killed an eight-headed hydra
 16259 | Lair:2   | Reached XP level 13. HP: 76/76 MP: 26/26
 16772 | Lair:3   | Reached skill level 16 in Summonings
 16917 | Lair:3   | Learned a level 3 spell: Vampiric Draining
 17437 | Lair:3   | Reached skill level 1 in Evocations
 18192 | Lair:4   | Found a staircase to the Slime Pits.
 18193 | Lair:4   | Found a viscous altar of Jiyva.
 18221 | Lair:4   | Reached skill level 1 in Shields
 19306 | Lair:5   | Entered Level 5 of the Lair of Beasts
 19513 | Lair:5   | Reached skill level 5 in Long Blades
 20936 | Lair:5   | Reached XP level 14. HP: 83/83 MP: 18/28
 21227 | Lair:5   | Reached skill level 17 in Summonings
 21430 | Lair:5   | Noticed a dire elephant
 21461 | Lair:5   | Killed a dire elephant
 21736 | Lair:5   | Identified the +2 whip of the Pit {spect, rPois rC+ Stlth+}
 22182 | D:12     | Noticed Snorg
 22198 | D:12     | Killed Snorg
 22464 | D:12     | Found Ruepsa Wiam's Armour Shoppe.
 22656 | D:12     | Noticed Rupert
 22661 | D:12     | Paralysed by Rupert for 2 turns
 22671 | D:12     | Paralysed by Rupert for 4 turns
 22676 | D:12     | Killed Rupert
 23217 | D:12     | Learned a level 2 spell: Blink
 23221 | D:12     | Learned a level 3 spell: Teleport Other
 23661 | Orc:1    | Entered Level 1 of the Orcish Mines
 24500 | Orc:1    | Noticed Nergalle
 24519 | Orc:1    | Killed Nergalle
 24821 | Orc:2    | Entered Level 2 of the Orcish Mines
 25248 | Orc:2    | Reached skill level 5 in Shields
 25297 | Orc:2    | Learned a level 8 spell: Summon Horrible Things
 25406 | Orc:2    | Found a staircase to the Elven Halls.
 25935 | Orc:2    | Found Selud's Antique Armour Boutique.
 26002 | Orc:2    | Found an ancient bone altar of Kikubaaqudgha.
 26051 | Orc:2    | Found Roahe's Antique Weapon Boutique.
 26148 | Orc:2    | Noticed Erolcha
 26219 | Orc:2    | Reached skill level 18 in Summonings
 26236 | Orc:2    | Killed Erolcha
 26447 | Orc:2    | Bought a runed long sword for 162 gold pieces
 26449 | Orc:2    | Found a radiant altar of Vehumet.
 26506 | Orc:2    | Found Wianotim's Jewellery Boutique.
 26506 | Orc:2    | Found Solo's Distillery.
 26519 | Orc:2    | Bought a potion of curing for 39 gold pieces
 26519 | Orc:2    | Bought 2 potions of curing for 78 gold pieces
 26519 | Orc:2    | Bought 3 potions of brilliance for 156 gold pieces
 26541 | Orc:2    | Bought a ring of wizardry for 450 gold pieces
 26829 | Orc:2    | Bought a runed leather armour for 140 gold pieces
 27163 | D:13     | You are sucked into a shaft and drop 1 floor!
 27270 | D:13     | Noticed a tengu reaver
 27275 | D:13     | Reached XP level 15. HP: 76/88 MP: 22/29
 27278 | D:13     | Killed a tengu reaver
 27279 | D:13     | Reached skill level 10 in Spellcasting
 27279 | D:13     | Identified the amulet of Ynaunics {Faith rF+ Regen+}
 27309 | D:13     | Noticed a tengu reaver
 27686 | D:13     | Got Kobraf's Parchment of Poisonous Forms
 28258 | D:13     | Killed a tengu reaver
 28259 | D:13     | Reached skill level 19 in Summonings
 29242 | D:14     | HP: 3/88 [meliai/divine providence (15)]
 29244 | D:14     | HP: 1/88 [meliai/+0 war axe (8)]
 29254 | D:14     | Killed from afar by a meliai

Illustrated notes

Levels and vault maps discovered:
D:1:      moated_graveyard_arrival, layout_basic,
          shapermc_ecumenical_altar_mp_vishouse, serial_shops, shop
D:2:      layout_rooms
D:3:      layout_basic, nicolae_overflow_hidden_temple, nicolae_vehumet_radiance
D:4:      cheibrodos_fertilizer, layout_basic, kennysheep_mini,
          minmay_temple_entry_fiery, gammafunk_ghost_smash,
          hangedman_abyss_or_decor_stabs
D:5:      layout_basic, nemelex_spade_bored_becter
D:6:      layout_basic, lightli_ossuary_entry_decrepit_ruins,
          cheibrodos_sewer_entry_bend, uniq_sigmund
D:7:      layout_basic, gammafunk_temple_overflow_elements
D:8:      layout_gridville, grunt_dithmenos_shadows, minmay_ruffians
D:9:      layout_roguey, serial_shops, nicolae_shop_competitors_out_of_business,
          uniq_harold
D:10:     layout_cave_pods, old_standard_altar, serial_shops,
          nicolae_shop_hallway_stairs
D:11:     minmay_glassy_protrusions, layout_rooms, david_lair_generic,
          orc_0_dummy
D:12:     layout_gridville, serial_shops, nicolae_shop_statue_plus,
          minmay_diced_spiral, uniq_rupert, uniq_snorg
D:13:     minmay_strange_plus, layout_gridville
D:14:     layout_loops_ring, david_vaults_5, hangedman_abyss_or_decor_clamps
Temple:   eino_temple_lava
Lair:1:   layout_loops_ring, grunt_megastairs_4
Lair:2:   layout_cellular_growth, minmay_shoals_entry_centaurs,
          minmay_snake_entry_six_corridors, uniq_sonja
Lair:3:   layout_hall_layers, hangedman_lair_generics_rect
Lair:4:   layout_regular_city, slime_entry_1
Lair:5:   grunt_lair_end_beastmaster, layout_cave_pods, lemuel_fruit_tree
Orc:1:    layout_diamond_mine, uniq_nergalle
Orc:2:    kennysheep_orc_mage_school, layout_caves, hellmonk_bongcloud_opening,
          mines4_lemuel

Skill      XL: |  1  2  3  4  5  6  7  8  9 10 11 12 13 14 15 |
---------------+----------------------------------------------+-----
Summonings     | 5 6 7 8 9 11 12 13 14 15 16 18 19 | 19.4
Spellcasting   | 3 4 5 6 7 8 9 10 | 10.8
Air Magic      | 1 3 5 6 8 9 |  9.8
Armour         | 2 4 6 7 8 9 |  9.0
Fighting       | 2 4 5 6 7 8 |  8.3
Dodging        | 3 5 6 8 9 |  9.4
Long Blades    | 2 5 7 |  7.0
Evocations     | 2 3 |  3.8
Shields        | 3 5 |  5.0
Stealth        | |  2.0
Translocations | |  0.8

Action                   |  1- 3 |  4- 6 |  7- 9 | 10-12 | 13-15 || total
-------------------------+-------+-------+-------+-------+-------++-------
Melee: Long sword        |    25 |    50 |    54 |    83 |   126 ||   338
       Kick              |     5 |    15 |     7 |    24 |    57 ||   108
       Peck              |     3 |     9 |    10 |    18 |    37 ||    77
       Punch             |       |       |     1 |     3 |     1 ||     5
       Scimitar          |       |       |       |       |    15 ||    15
Throw: Dart              |       |       |       |       |     1 ||     1
 Cast: Summon Small Mamm |    23 |    26 |    36 |    98 |   227 ||   410
       Call Imp          |     6 |    19 |    25 |    46 |    99 ||   195
       Call Canine Famil |     1 |    21 |    24 |    47 |   105 ||   198
       Summon Guardian G |       |     5 |    16 |    53 |   130 ||   204
       Summon Lightning  |       |       |     7 |    19 |    70 ||    96
       Vampiric Draining |       |       |       |       |    10 ||    10
       Swiftness         |       |       |       |       |     4 ||     4
       Summon Horrible T |       |       |       |       |     2 ||     2
Invok: Call Merchant     |       |       |       |       |     1 ||     1
       Potion Petition   |       |       |       |       |     4 ||     4
Evoke: Box of beasts     |       |       |       |       |     1 ||     1
       Phantom mirror    |       |       |       |       |     1 ||     1
  Use: Scroll            |       |    13 |     7 |    11 |    11 ||    42
       Potion            |       |       |       |     1 |     7 ||     8
 Stab: Sleeping          |     2 |       |       |     1 |       ||     3
       Distracted        |       |     1 |       |     2 |     4 ||     7
Armor: Robe              |     1 |     5 |       |       |     5 ||    11
       Leather armour    |       |    22 |    34 |    52 |    63 ||   171
Dodge: Dodged            |    18 |    44 |    53 |   145 |   213 ||   473
Block: Buckler           |       |       |       |       |    48 ||    48
